Map: Orbital Shipyard

Players

CMStormPolt (Polt) - Winner!

  • Race: Terran Terran
  • League: Grandmaster

LiquidSnute (Snute)

  • Race: Zerg Zerg

Event: Root's WW3

VOD

Have the link to the VOD?

Description

Time

  • Played on: Dec. 12, 2015, 8:14 a.m.
  • Length: 10:57

All games in this series

Show
View Real Time Build Order
Export as new Build Order

CMStormPolt Terran - Winner!

Build Orders: Reaper Expand, MMM Bio 

Get SALT Encoding   

  12  0:00  SCV  
  13  0:12  SCV  
  14  0:17  Supply Depot  
  14  0:24  SCV  
  15  0:39  SCV  
  15  0:41  Barracks  
  16  0:46  Refinery  
  16  0:51  SCV  
  17  1:03  SCV  
  18  1:15  SCV  
  19  1:28  Orbital Command  
  19  1:29  Reaper  
  20  1:37  Command Center  
  20  1:54  SCV  
  21  2:00  Supply Depot  
  21  2:01  Reaper  
  21  2:06  SCV, Refinery  
  23  2:22  SCV  
  24  2:24  Factory  
  24  2:34  SCV  
  25  2:40  Barracks Reactor  
  25  2:46  SCV  
  25  2:47  Command Center  
  26  2:51  Orbital Command  
  26  2:58  SCV  
  27  3:09  Factory Tech Lab, Starport  
  27  3:10  SCV  
  28  3:17  SCV  
  29  3:21  Marine x2  
  29  3:22  SCV  
  32  3:29  SCV  
  33  3:34  SCV  
  33  3:35  Siege Tank  
  37  3:41  SCV  
  37  3:45  Marine x2  
  37  3:46  SCV, Viking  
  43  3:53  SCV  
  44  3:58  SCV  
  44  4:00  Orbital Command  
  45  4:05  Marine x2  
  47  4:12  SCV x2  
  49  4:24  SCV x2  
  49  4:25  Factory Reactor  
  49  4:27  SCV  
  49  4:29  Banshee  
  55  4:32  Cloaking Field, Barracks  
  55  4:33  Barracks  
  55  4:36  SCV x2, Refinery  
  55  4:37  Refinery  
  57  4:40  Barracks Tech Lab  
  57  4:43  Supply Depot  
  57  4:50  Engineering Bay  
  57  4:51  Supply Depot  
  57  4:52  Engineering Bay  
  57  4:57  SCV x3  
  57  4:58  Stimpack, Marine  
  60  5:05  Orbital Command  
  60  5:08  Barracks  
  60  5:10  Barracks  
  60  5:13  SCV x2  
  63  5:16  Banshee  
  63  5:18  Factory Reactor  
  65  5:23  Marine x3  
  65  5:26  Terran Infantry Weapons Level 1  
  68  5:30  Terran Infantry Armor Level 1, SCV x2  
  68  5:31  SCV  
  71  5:41  Supply Depot  
  71  5:42  Supply Depot, SCV x2  
  73  5:43  SCV  
  73  5:45  Marine x3  
  73  5:48  Supply Depot  
  77  6:00  Barracks Reactor  
  77  6:02  Marine x2  
  79  6:06  SCV x3  
  79  6:07  Factory Reactor  
  79  6:08  Refinery  
  79  6:11  Supply Depot  
  82  6:13  Supply Depot, Marauder, Marine x3  
  82  6:16  Medivac  
  89  6:18  Medivac  
  89  6:20  Marauder, Marine  
  94  6:27  SCV x3  
  94  6:28  Supply Depot x2  
  94  6:32  Armory  
  97  6:40  SCV x3  
  97  6:45  Marauder  
  97  6:46  Marine x5  
  107  6:52  SCV, Marine x2  
  107  6:54  Medivac x2  
  114  6:58  Widow Mine x2  
  118  7:01  Combat Shields  
  118  7:02  Concussive Shells  
  118  7:06  Marine, Marauder  
  118  7:07  Marine x4  
  125  7:10  Marauder, Marine  
  125  7:12  Supply Depot x2  
  128  7:27  Marine x3  
  128  7:28  Marauder  
  133  7:31  Terran Infantry Weapons Level 2, Terran Infantry Armor Level 2  
  133  7:33  Marauder, Marine x3  
  138  7:38  Supply Depot  
  138  7:39  Supply Depot  
  138  7:41  Medivac x2  
  138  7:43  Barracks x3  
  142  7:50  Marauder, Marine x3  
  142  7:51  Marine  
  148  7:52  Marine  
  149  7:59  Terran Vehicle And Ship Armor Level 1, Widow Mine x2  
  149  8:00  Marauder, Marine  
  149  8:05  Supply Depot  
  156  8:06  Supply Depot  
  156  8:07  Supply Depot  
  154  8:16  Marine x3, Marauder  
  154  8:17  Marine x2  
  159  8:22  Marine, Marauder  
  159  8:34  Widow Mine x2, Medivac x2  
  166  8:52  Barracks Reactor, Barracks Tech Lab x2, Marine x6, Marauder x2  
  176  8:57  Command Center  
  171  9:11  Marauder x2, Marine x6  
  171  9:13  Marauder x2  
  171  9:14  Widow Mine x2  
  188  9:25  Medivac  
  188  9:26  Medivac  
  172  9:33  Marauder x2  
  172  9:34  Marauder, Marine x8  
  172  9:35  Marauder  
  176  9:51  Liberator x2  
  173  9:55  Marine x2, Marauder  
  173  9:56  Marine x6, Marauder x3  
  188  10:08  Widow Mine x2  
  178  10:17  Marine x8, Marauder x4  
  174  10:34  Command Center  
  170  10:36  Marine x3  
Show
View Real Time Build Order
Export as new Build Order

LiquidSnute Zerg 

Build Orders: Hatch First 

Get SALT Encoding   

  12  0:00  Drone  
  13  0:12  Overlord  
  13  0:17  Drone  
  14  0:30  Drone x2  
  14  0:34  Drone  
  17  0:51  Hatchery  
  17  0:54  Drone  
  17  0:58  Drone  
  17  1:01  Extractor  
  17  1:12  Spawning Pool  
  17  1:16  Drone  
  17  1:19  Drone  
  18  1:28  Drone  
  19  1:38  Overlord  
  19  1:59  Zergling x2, Queen  
  19  2:00  Zergling x2  
  23  2:03  Metabolic Boost, Queen  
  23  2:05  Drone  
  26  2:11  Drone  
  26  2:14  Drone  
  28  2:21  Drone  
  29  2:26  Drone  
  30  2:34  Drone  
  31  2:37  Queen  
  31  2:38  Overlord  
  33  2:45  Drone  
  33  2:50  Drone  
  35  2:53  Zergling x2  
  35  2:57  Zergling x2  
  37  3:01  Queen  
  37  3:05  Zergling x2  
  40  3:07  Zergling x6  
  40  3:11  Roach Warren  
  40  3:12  Drone x2  
  44  3:13  Overlord  
  44  3:20  Overlord  
  44  3:35  Drone x2  
  44  3:36  Drone x2  
  44  3:38  Drone  
  49  3:52  Roach  
  49  3:53  Roach x4  
  59  4:00  Hatchery  
  58  4:08  Drone x2  
  58  4:09  Overlord  
  60  4:20  Overlord  
  60  4:26  Overlord x2  
  60  4:29  Drone x5  
  60  4:30  Queen  
  67  4:34  Overlord  
  67  4:41  Drone x2  
  67  4:44  Overlord  
  69  4:51  Drone x2  
  69  4:52  Drone x2  
  73  4:53  Drone x2  
  73  4:55  Extractor  
  73  4:56  Extractor  
  73  4:57  Extractor  
  72  5:03  Drone  
  72  5:05  Drone  
  74  5:13  Drone  
  75  5:16  Ravager x3  
  78  5:22  Queen x2  
  78  5:23  Drone x5  
  78  5:27  Extractor  
  88  5:29  Extractor  
  88  5:30  Drone x5  
  91  5:37  Lair  
  91  5:41  Drone x3  
  92  5:43  Ravager x2  
  92  5:49  Overlord  
  94  5:54  Drone x4  
  97  6:02  Drone  
  98  6:04  Evolution Chamber x2  
  98  6:07  Drone x4  
  98  6:09  Hatchery  
  98  6:10  Spore Crawler x2  
  97  6:14  Drone x2  
  97  6:15  Drone  
  97  6:17  Drone  
  101  6:20  Drone x2  
  101  6:21  Drone  
  101  6:22  Drone  
  105  6:29  Zerg Missile Weapons Level 1  
  105  6:30  Zerg Ground Armor Level 1  
  105  6:38  Glial Reconstitution  
  105  6:40  Infestation Pit  
  105  6:44  Overseer  
  105  6:45  Spore Crawler  
  98  6:56  Roach x7  
  98  6:57  Roach  
  98  6:59  Overlord x2  
  98  7:00  Roach  
  111  7:09  Overlord x2  
  107  7:27  Pathogen Glands  
  107  7:28  Queen x2  
  111  7:34  Roach x9  
  129  7:48  Hatchery  
  128  7:51  Infestor  
  128  7:52  Infestor x2  
  128  7:53  Drone x3  
  128  7:57  Hatchery, Ravager x2  
  139  7:58  Ravager  
  139  8:25  Ravager  
  139  8:27  Overlord x5, Queen  
  138  8:28  Queen  
  138  8:41  Roach x4  
  140  8:46  Extractor  
  140  8:48  Extractor  
  142  8:55  Overlord  
  142  9:01  Infestor x4  
  148  9:08  Roach x5  
  158  9:18  Roach x6  
  162  9:35  Queen x2  
  162  9:37  Infestation Pit, Roach x6  
  162  9:38  Roach x4  
  167  9:57  Evolution Chamber  
  164  10:02  Drone x10  
  159  10:19  Roach x6  
  144  10:35  Roach x4  
  138  10:37  Roach x2  
  138  10:38  Roach  
  126  10:49  Ravager x4  
Tags
 
Add a new tag
Caveats
  • Supply blocks, unpowered buildings, or Contaminate may cause inaccurate times.
  • Supply counts are checked every 10 seconds.